 Dungeon Crawl Stone Soup version 0.26.1-2-gb8aa6d0cf2 (webtiles) character file.

Game seed: 2908057300958728625

44 funkygono the Shield-Bearer (level 3, -2/23 HPs)
             Began as a Gargoyle Fighter on Mar 16, 2021.
             Killed from afar by an orc wizard (5 damage)
             ... with a magic dart
             ... on level 3 of the Dungeon.
             The game lasted 00:02:07 (1292 turns).

funkygono the Shield-Bearer (Gargoyle Fighter)      Turns: 1292, Time: 00:02:08

Health: -2/23      AC: 10    Str: 20    XL:     3   Next: 62%
Magic:  3/3        EV:  7    Int:  8    God:
Gold:   38         SH:  9    Dex:  9    Spells: 2/2 levels left

rFire    x . .     SeeInvis .   a - +0 flail
rCold    + . .     Faith    .   c - +0 kite shield
rNeg     + . .     Spirit   .   b - +0 scale mail
rPois    ∞         Reflect  .   (no helmet)
rElec    +         Harm     .   (no cloak)
rCorr    .         Rampage  .   (no gloves)
Will     .....                  (no boots)
Stlth    ..........             (no amulet)
HPRegen  0.07/turn              e - ring of ice
MPRegen  0.08/turn              (no ring)

@: no status effects
A: negative energy resistance 1, electricity resistance, unbreathing,
petrification resistance, miasma immunity, AC +3
a: no special abilities


You were on level 3 of the Dungeon.
You visited 1 branch of the dungeon, and saw 3 of its levels.

You collected 38 gold pieces.

Inventory:

Hand Weapons
 a - a +0 flail (weapon)
Armour
 b - a +0 scale mail (worn)
 c - a +0 kite shield (worn)
Jewellery
 e - a ring of ice (left hand)
Scrolls
 f - 3 scrolls of identify
Potions
 d - a potion of might
 g - 2 potions of flight
 j - a potion of cancellation
 k - a potion of brilliance


   Skills:
 + Level 3.6 Fighting
 + Level 2.3 Maces & Flails
 + Level 3.7 Armour
 + Level 0.5 Dodging
 + Level 3.8 Shields


You had 2 spell levels left.
You didn't know any spells.
Your spell library was empty.

Dungeon Overview and Level Annotations

Branches:
Dungeon (2/15)

Altars:


Innate Abilities, Weirdness & Mutations

You are resistant to torment.
Your stone body is resilient. (AC +3)
You are immune to poison.
You resist negative energy. (rN+)
You are resistant to electric shocks. (rElec)
You can survive without breathing.
You are immune to petrification.
You are immune to miasma.


Message History

You closely miss something. Something hits you but does no damage.
You hear some strange, mumbled words.
A puff of flame appears from out of thin air!
The puff of flame hits you! The fire burns you terribly!
You completely miss something.
You hear some strange, mumbled words.
A puff of flame appears from out of thin air!
The puff of flame hits you. The fire burns you terribly!
Something hits you but does no damage. You block something's attack.
You closely miss something. Something hits you but does no damage.
You closely miss something.
Something hits you but does no damage. x2
You barely miss something. Something hits you but does no damage.
Something hits you.
* * * LOW HITPOINT WARNING * * *
You miss something. Something hits you but does no damage. Something hits you.
* * * LOW HITPOINT WARNING * * *
You hear some strange, mumbled words.
A magic dart appears from out of thin air!
The magic dart hits you.
You die...

### #.## ###
#.S############ ...
#goKr){@....... ....
#K############# ....?
#.# .....##o# #.
.....o#h# ##..
....o.Ko##### ..K.
.$...##r...g### #....
.... ##rS...r####
##....# ...
####S.....#######....#.


You could see an orc, a hobgoblin, a ball python, 2 kobolds and a rat.

Vanquished Creatures
  An adder (D:2)
  An ooze (D:1)
  A dart slug (D:2)
  An orc (D:3)
  A giant cockroach (D:2)
  4 goblins
  3 hobgoblins (D:1)
  3 jackals (D:3)
  5 kobolds
  4 bats (D:1)
  2 frilled lizards (D:1)
  3 rats
29 creatures vanquished.

Notes
Turn   | Place    | Note
-------+----------+-------------------------------------------
     0 | D:1      | funkygono the Gargoyle Fighter began the quest for the Orb.
     0 | D:1      | Reached XP level 1. HP: 14/14 MP: 1/1
   184 | D:1      | Reached XP level 2. HP: 12/19 MP: 2/2
   977 | D:2      | Reached XP level 3. HP: 16/23 MP: 3/3
  1243 | D:2      | You fall into a shaft and drop 1 floor!
  1292 | D:3      | Killed from afar by an orc wizard

Illustrated notes

Levels and vault maps discovered:
D:1:      onia_arrival_pentagram, layout_loops_ring
D:2:      layout_basic, zin_purify
D:3:      layout_rooms, lemuel_doored_altar

Action                   || total
-------------------------++-------
Melee: Flail             ||   123
  Use: Scroll            ||     7
Armor: Scale mail        ||    64
Dodge: Dodged            ||    33
Block: Kite shield       ||    65
